 Dungeon Crawl Stone Soup version 0.23.0-3-gf3c87f2 (webtiles) character file.

Game seed: 2006555906176715453

118986 poirepourri the Severer (level 16, -20/134 HPs)
             Began as a Minotaur Fighter on Feb 22, 2019.
             Was the Champion of Okawaru.
             Killed from afar by Roxanne (29 damage)
             ... with an iron shot
             ... on level 1 of the Snake Pit.
             The game lasted 00:32:12 (23165 turns).

poirepourri the Severer (Minotaur Fighter)         Turns: 23165, Time: 00:32:13

Health: -20/134    AC: 20    Str: 24    XL:     16   Next: 26%
Magic:  0/25       EV: 17    Int: 10    God:    Okawaru [******]
Gold:   1588       SH: 20    Dex: 14    Spells: 15/15 levels left

rFire    + . .     SeeInvis +   a - +10 broad axe of Tyatso {freeze, rN+ Int+5}
rCold    . . .     Gourm    .   c - +5 shield
rNeg     + . .     Faith    .   B - +1 chain mail {rPois}
rPois    +         Spirit   +   d - +2 hat
rElec    .         Reflect  .   h - +0 cloak of Omission {Regen+ Slay+2 Stlth+}
rCorr    .         Harm     .   g - +3 pair of gauntlets of War {Slay+5}
MR       +....                  e - +0 pair of boots
Stlth    ..........             Q - amulet of guardian spirit
HPRegen  0.72/turn              j - ring of protection from fire
MPRegen  0.19/turn              i - ring of see invisible

@: no status effects
A: retaliatory headbutt, horns 2
a: Heroism, Finesse, Renounce Religion


You were on level 1 of the Snake Pit.
You worshipped Okawaru.
Okawaru was exalted by your worship.
You were full.

You visited 5 branches of the dungeon, and saw 25 of its levels.

You collected 2428 gold pieces.
You spent 840 gold pieces at shops.

Inventory:

Hand Weapons
 a - the +10 broad axe of Tyatso (weapon) {freeze, rN+ Int+5}
   (Okawaru gifted it to you on level 1 of the Snake Pit)

   It has been specially enchanted to freeze those struck by it, causing extra
   injury to most foes and up to half again as much damage against particularly
   susceptible opponents.
   It can also slow down cold-blooded creatures.
   It affects your intelligence (+5).
   It protects you from negative energy.
 b - a +2 flail of venom
Missiles
 k - 42 tomahawks
 n - 8 javelins (quivered)
 q - 8 silver tomahawks
 t - 89 bolts
Armour
 c - a +5 shield (worn)
 d - a +2 hat (worn)
 e - a +0 pair of boots (worn)
 g - the +3 pair of gauntlets of War (worn) {Slay+5}
   (You acquired it on level 2 of the Orcish Mines)

   It affects your accuracy and damage with ranged weapons and melee attacks
   (+5).
 h - the +0 cloak of Omission (worn) {Regen+ Slay+2 Stlth+}
   (Okawaru gifted it to you on level 1 of the Lair of Beasts)

   It affects your accuracy and damage with ranged weapons and melee attacks
   (+2).
   It increases your rate of regeneration.
   It makes you more stealthy.
 A - a +1 scale mail of fire resistance
 B - a +1 chain mail of poison resistance (worn)
 L - +0 acid dragon scales
 M - the +5 large shield "Udwee" {rPois}
   (Okawaru gifted it to you on level 12 of the Dungeon)

   It protects you from poison.
Jewellery
 i - a ring of see invisible (right hand)
 j - a ring of protection from fire (left hand)
 m - an uncursed ring of ice
 H - an uncursed ring of fire
 O - an uncursed amulet of the acrobat
 P - the ring of Boim {+Fly Int+7}
   (You found it on level 14 of the Dungeon)

   [ring of flight]

   It affects your intelligence (+7).
   It lets you fly.
 Q - an amulet of guardian spirit (around neck)
 T - an uncursed amulet of the gourmand {unknown}
Wands
 o - a wand of paralysis (11)
 v - a wand of digging (13)
 z - a wand of random effects (54)
 G - a wand of polymorph (7)
 J - a wand of flame (49)
Scrolls
 p - 2 scrolls of teleportation
 u - 8 scrolls of remove curse
 x - 2 scrolls of fog
 y - a scroll of holy word
 F - 2 scrolls of summoning
 I - 7 scrolls of identify
 K - 3 scrolls of magic mapping
 N - a scroll of amnesia
 R - 3 scrolls of fear
Potions
 l - 4 potions of mutation
 r - a potion of brilliance
 s - 5 potions of flight
 w - 2 potions of curing
 C - a potion of agility
 D - a potion of cancellation
 E - 2 potions of ambrosia
 S - a potion of heal wounds
Comestibles
 f - 21 rations


   Skills:
 - Level 10.1 Fighting
 - Level 16.6 Axes
 - Level 7.1 Armour
 - Level 15.2 Dodging
 - Level 16.2 Shields
 + Level 13.6 Invocations
 - Level 6.0 Evocations


You had 15 spell levels left.
You didn't know any spells.
Your spell library contained the following spells:

 Spells                   Type           Power        Failure   Level  Hunger
 Animate Skeleton         Necr           N/A          93%         1    ##.....
 Pain                     Necr           #...         93%         1    ##.....
 Summon Small Mammal      Summ           #...         93%         1    ##.....
 Call Imp                 Summ           #.......     98%         2    ###....
 Call Canine Familiar     Summ           #.......     100%        3    ####...
 Regeneration             Chrm/Necr      #.........   100%        3    ####...
 Summon Guardian Golem    Hex/Summ       #.......     100%        3    ####...
 Vampiric Draining        Necr           #.........   100%        3    ####...
 Animate Dead             Necr           N/A          100%        4    #####..
 Summon Ice Beast         Ice/Summ       #.......     100%        4    #####..
 Summon Lightning Spire   Summ/Air       #.......     100%        4    #####..


Dungeon Overview and Level Annotations

Branches:
Dungeon (15/15)            Temple (1/1) D:5            Lair (6/6) D:11
 Shoals (0/4) Lair:4        Snake (1/4) Lair:2        Slime (0/5) Lair:6
    Orc (2/2) D:11            Elf (0/3) Orc:2        Vaults (0/5) D:13
 Depths (0/5) D:15

Altars:
Ashenzari
Cheibriados
Dithmenos
Elyvilon
Fedhas
Gozag
Hepliaklqana
Kikubaaqudgha
Makhleb
Nemelex Xobeh
Okawaru
Qazlal
Ru
Sif Muna
Trog
Uskayaw
Vehumet
Wu Jian
Xom
Yredelemnul
Zin
The Shining One
Beogh
Jiyva

Shops:
D:9 :   Orc:2 (*:?

Portals:
Pandemonium: Orc:2

Annotations:
D:11 exclusion: 2 oklob plants
D:15 1 runed translucent door
Snake:1 exclusion: Roxanne, Roxanne


Innate Abilities, Weirdness & Mutations

You reflexively headbutt those who attack you in melee.
You have a pair of horns on your head.


Message History

Roxanne is almost destroyed.
Roxanne asks, "Say, could you scratch my back for me?"
Roxanne casts a spell.
You blink.
Roxanne mumbles some strange words.
The bolt of magma hits you! You partially resist.
Roxanne mumbles some strange words.
You block the orb of energy.
Roxanne mumbles some strange words.
You block the iron shot.
Roxanne casts a spell.
The crystal spear hits you!!!!
* * * LOW HITPOINT WARNING * * *
You hit Roxanne. You headbutt Roxanne.
Roxanne is almost destroyed.
You slice Roxanne!! You headbutt Roxanne, but do no damage.
Roxanne is almost destroyed.
Roxanne mumbles some strange words.
The iron shot hits you!!
You die...

....# ##....# ....#
####.....#
...######..#.....##
..†#.......##.....#
............#.....#
####........#.....#
###......##....##
###.....###...#
####.....@..#
#####.8..# #....#
##...# #####


You could see Roxanne.

Vanquished Creatures
  2 sphinxes (D:14)
  Kirke (Snake:1)
  The ghost of Rwicked the Bludgeoner, a journeyman MiBe of Trog (Orc:2)
  An angel (D:15)
  A stone giant (D:14)
  Azrael (Orc:2)
  Josephine (Orc:2)
  A yaktaur captain (D:14)
  2 vault guards (D:13)
  An ogre mage (D:15)
  2 ice dragons (D:15)
  8 hydras
  A catoblepas (D:13)
  An anaconda (Snake:1)
  6 two-headed ogres
  Urug (D:12)
  7 orc high priests
  Nergalle (Lair:4)
  Sonja (Orc:2)
  3 skeletal warriors (D:14)
  A gelid demonspawn (Orc:2)
  2 deep elf archers (D:14)
  2 infernal demonspawn (Orc:2)
  4 unseen horrors
  A torturous demonspawn (Orc:2)
  2 naga ritualists (Snake:1)
  A wizard (D:13)
  4 orc knights (Orc:2)
  2 necromancers (D:13)
  4 mana vipers (Snake:1)
  A deep elf mage (D:15)
  7 orc sorcerers (Orc:2)
  3 ugly things
  2 manticores
  2 cyclopes
  2 salamanders (Snake:1)
  2 molten gargoyles (Lair:5)
  A guardian serpent (Lair:2)
  12 spiny frogs
  13 black mambas
  4 gargoyles
  4 komodo dragons
  2 rime drakes
  2 yaktaurs (shapeshifter) (D:14)
  A rime drake (shapeshifter) (D:14)
  A yaktaur (D:13)
  A freezing wraith (D:15)
  A red devil (Orc:2)
  An ice devil (Orc:2)
  3 trolls
  A queen bee (Lair:3)
  8 slime creatures
  16 blink frogs
  A hornet (D:15)
  7 hippogriffs
  5 basilisks
  2 ynoxinuls (Orc:2)
  7 wraiths
  Eustachio (D:5)
  19 humans
  3 wyverns
  20 yaks
  5 hogs
  3 fire elementals (Orc:2)
  A neqoxec (Orc:2)
  A steam dragon (D:11)
  A hungry ghost (D:11)
  3 vampire mosquitoes
  An acid dragon (D:12)
  2 nagas (Snake:1)
  Edmund (D:5)
  5 wargs
  2 hell hounds (Orc:2)
  9 porcupines
  5 water moccasins
  23 orc warriors
  Duvessa (D:5)
  2 hornet zombies
  3 ice beasts
  3 sky beasts
  3 phantoms
  10 ogres
  2 necrophages
  A boggart (D:14)
  5 wolves (Lair:5)
  10 crocodiles
  9 centaurs
  2 wyvern zombies (D:14)
  16 bullfrogs
  5 earth elementals (D:12)
  4 scorpions
  2 wyvern skeletons (D:14)
  Dowan (D:5)
  28 killer bees
  An electric eel (Lair:1)
  4 howler monkeys
  5 lava snakes (Lair:5)
  8 crimson imps
  4 centaur zombies
  2 jellies
  12 hounds
  Crazy Yiuf (D:5)
  A bullfrog skeleton (D:4)
  7 centaur skeletons
  3 iguanas
  20 orc priests
  Ijyb (D:4)
  7 hell rats (Lair:5)
  10 worker ants
  9 orc wizards
  A killer bee zombie (D:8)
  2 hound zombies
  3 hound skeletons
  2 worker ant zombies
  7 gnolls
  10 adders
  3 shadow imps
  2 oozes
  2 adder skeletons
  2 adder zombies
  2 worms
  2 dart slugs
  8 leopard geckos
  53 orcs
  6 giant cockroaches
  6 goblins
  10 hobgoblins
  10 jackals
  6 quokkas
  A ball python (D:6)
  3 bats
  5 frilled lizards
  4 kobolds
  A leopard gecko skeleton (D:4)
  A quokka zombie (D:5)
  2 rats
  4 fungi
  A plant (Lair:1)
644 creatures vanquished.

Vanquished Creatures (collateral kills)
  A hell hound (Orc:2)
1 creature vanquished.

Vanquished Creatures (others)
  A fire elemental (Orc:2)
  6 fungi
  A plant (Lair:6)
8 creatures vanquished.

Grand Total: 653 creatures vanquished

Notes
Turn   | Place    | Note
-------+----------+-------------------------------------------
     0 | D:1      | poirepourri the Minotaur Fighter began the quest for the
                  | Orb.
     0 | D:1      | Reached XP level 1. HP: 19/19 MP: 0/0
   327 | D:1      | Reached XP level 2. HP: 20/26 MP: 1/1
   911 | D:2      | Reached XP level 3. HP: 28/31 MP: 2/2
  1053 | D:2      | Found a snail-covered altar of Cheibriados.
  1170 | D:2      | Reached skill level 5 in Axes
  1170 | D:2      | Reached XP level 4. HP: 39/39 MP: 3/3
  1286 | D:2      | Found a glowing golden altar of the Shining One.
  1387 | D:2      | Found a basalt altar of Yredelemnul.
  1516 | D:3      | Reached XP level 5. HP: 28/45 MP: 4/4
  2534 | D:4      | Noticed Ijyb
  2542 | D:4      | Reached XP level 6. HP: 45/51 MP: 5/5
  2543 | D:4      | Killed Ijyb
  2580 | D:4      | Found a hazy altar of Hepliaklqana.
  3136 | D:4      | Found an ornate altar of the Wu Jian Council.
  3236 | D:5      | Entered Level 5 of the Dungeon
  3276 | D:5      | Reached XP level 7. HP: 52/57 MP: 6/6
  3286 | D:5      | Found a staircase to the Ecumenical Temple.
  3301 | D:5      | Noticed Eustachio
  3319 | D:5      | Killed Eustachio
  3319 | D:5      | Reached skill level 10 in Axes
  3360 | D:5      | Noticed Edmund
  3367 | D:5      | Killed Edmund
  3383 | Temple   | Entered the Ecumenical Temple
  3605 | Temple   | Became a worshipper of Warmaster Okawaru
  3722 | D:5      | Found a runed translucent door.
  3723 | D:5      | Noticed Crazy Yiuf
  3727 | D:5      | Killed Crazy Yiuf
  3809 | D:5      | Noticed Duvessa
  3809 | D:5      | Noticed Dowan
  3819 | D:5      | Killed Dowan
  3819 | D:5      | Reached XP level 8. HP: 58/64 MP: 7/7
  3821 | D:5      | Killed Duvessa
  4450 | D:6      | Found a shimmering altar of Xom.
  4533 | D:6      | Reached * piety under Okawaru
  5224 | D:7      | Noticed a hippogriff
  5234 | D:7      | Killed a hippogriff
  5234 | D:7      | Reached XP level 9. HP: 60/70 MP: 8/8
  5471 | D:7      | Reached ** piety under Okawaru
  5479 | D:7      | Reached skill level 15 in Axes
  6046 | D:8      | Found a burning altar of Makhleb.
  6056 | D:8      | Reached *** piety under Okawaru
  6221 | D:9      | Found Rayjusk's Book Emporium.
  6239 | D:9      | Reached XP level 10. HP: 61/77 MP: 9/9
  6269 | D:9      | Found a shadowy altar of Dithmenos.
  6443 | D:10     | Entered Level 10 of the Dungeon
  6556 | D:10     | Noticed a gargoyle
  6563 | D:10     | Killed a gargoyle
  7132 | D:10     | Reached skill level 5 in Fighting
  7426 | D:11     | Found a staircase to the Orcish Mines.
  7426 | D:11     | Noticed a cyclops
  7435 | D:11     | Killed a cyclops
  7435 | D:11     | Reached **** piety under Okawaru
  7503 | D:11     | Found a blossoming altar of Fedhas.
  7505 | D:11     | Noticed an oklob plant
  7505 | D:11     | Noticed an oklob plant
  7612 | D:11     | Noticed a red ugly thing
  7624 | D:11     | Killed a red ugly thing
  7626 | D:11     | Noticed an unseen horror
  7632 | D:11     | Killed an unseen horror
  7720 | D:11     | Found a staircase to the Lair.
  7744 | D:11     | Received a gift from Okawaru
  7753 | D:11     | Reached skill level 10 in Fighting
  7945 | D:11     | Noticed a gargoyle
  7958 | D:11     | Reached XP level 11. HP: 64/99 MP: 10/10
  7966 | D:11     | Reached skill level 5 in Shields
  8270 | D:11     | Noticed a two-headed ogre
  8275 | D:11     | Killed a two-headed ogre
  8275 | D:11     | Reached ***** piety under Okawaru
  8523 | D:12     | Noticed a red ugly thing
  8537 | D:12     | Killed a red ugly thing
  8616 | D:12     | Received a gift from Okawaru
  8756 | D:12     | Reached skill level 10 in Shields
  9006 | D:12     | Got a polished large shield {god gift}
  9025 | D:12     | Noticed a five-headed hydra
  9044 | D:12     | Killed a five-headed hydra
  9368 | D:12     | Noticed Urug
  9381 | D:12     | Killed Urug
  9387 | D:12     | You fall through a shaft for 3 floors!
  9387 | D:15     | Entered Level 15 of the Dungeon
  9439 | D:15     | Noticed a four-headed hydra
  9453 | D:15     | Killed a five-headed hydra
  9508 | D:15     | Noticed an ice dragon
  9509 | D:15     | Noticed an ice dragon
  9581 | D:14     | Noticed a skeletal warrior
  9600 | D:14     | Killed a skeletal warrior
  9600 | D:14     | Noticed a skeletal warrior
  9602 | D:14     | Noticed a skeletal warrior
  9683 | D:14     | Noticed a six-headed hydra
  9685 | D:14     | Identified a scroll of acquirement
  9688 | D:14     | Killed a skeletal warrior
  9691 | D:14     | Reached XP level 12. HP: 19/106 MP: 11/11
  9794 | D:14     | Killed a six-headed hydra
 10436 | D:14     | Received a gift from Okawaru
 10546 | D:14     | Identified the +5 large shield "Udwee" {rPois} (Okawaru
                  | gifted it to you on level 12 of the Dungeon)
 10735 | D:14     | Received a gift from Okawaru
 10878 | D:13     | Noticed an eight-headed hydra
 10885 | D:13     | Killed a 13-headed hydra
 10975 | D:13     | Noticed a catoblepas
 11333 | D:12     | Reached skill level 15 in Shields
 11345 | D:12     | Noticed a catoblepas
 11765 | Lair:1   | Entered Level 1 of the Lair of Beasts
 11773 | Lair:1   | Received a gift from Okawaru
 12155 | Lair:1   | Reached ****** piety under Okawaru
 12237 | Lair:1   | Noticed a six-headed hydra
 12246 | Lair:1   | Killed a 13-headed hydra
 12877 | Lair:2   | Found a staircase to the Snake Pit.
 12930 | Lair:2   | Reached skill level 5 in Armour
 12986 | Lair:2   | Reached XP level 13. HP: 113/113 MP: 12/12
 14113 | Lair:1   | Got a steaming cloak {god gift}
 14124 | Lair:1   | Identified the +0 cloak of Omission {Regen+ Slay+2 Stlth+}
                  | (Okawaru gifted it to you on level 1 of the Lair of Beasts)
 14763 | Lair:3   | Reached skill level 1 in Dodging
 14906 | Lair:3   | Reached skill level 5 in Dodging
 14997 | Lair:3   | Received a gift from Okawaru
 15579 | Lair:4   | Noticed Nergalle
 15591 | Lair:4   | Killed Nergalle
 15943 | Lair:4   | Found a staircase to the Shoals.
 16322 | Lair:5   | Reached skill level 10 in Dodging
 16488 | Lair:5   | Reached XP level 14. HP: 121/121 MP: 12/17
 16966 | Lair:6   | Entered Level 6 of the Lair of Beasts
 17152 | Lair:6   | Received a gift from Okawaru
 17440 | Lair:6   | Found a staircase to the Slime Pits.
 17440 | Lair:6   | Found a viscous altar of Jiyva.
 18134 | Orc:1    | Entered Level 1 of the Orcish Mines
 18228 | Orc:2    | Entered Level 2 of the Orcish Mines
 18230 | Orc:2    | Found a runed translucent gate.
 18328 | Orc:2    | Found a staircase to the Elven Halls.
 18331 | Orc:2    | Found a runed translucent gate.
 18331 | Orc:2    | Found a runed translucent gate.
 18336 | Orc:2    | Noticed Rwicked's ghost (journeyman MiBe)
 18379 | Orc:2    | Noticed Sonja
 18433 | Orc:2    | Killed Sonja
 18438 | Orc:2    | Reached skill level 15 in Dodging
 18612 | Orc:2    | Found Zalloud's Magic Scroll Shoppe.
 18615 | Orc:2    | Found Weyl's General Store.
 18813 | Orc:2    | Bought a scroll of acquirement for 624 gold pieces
 18813 | Orc:2    | Bought a scroll of teleportation for 36 gold pieces
 18813 | Orc:2    | Bought a scroll of summoning for 114 gold pieces
 18813 | Orc:2    | Bought a scroll of identify for 24 gold pieces
 18813 | Orc:2    | Bought a scroll of fear for 42 gold pieces
 18825 | Orc:2    | Noticed Azrael
 18834 | Orc:2    | Reached XP level 15. HP: 126/126 MP: 18/18
 18838 | Orc:2    | Reached skill level 1 in Invocations
 18843 | Orc:2    | Killed Azrael
 18910 | Orc:2    | Found a roughly hewn altar of Beogh.
 19057 | Orc:2    | Received a gift from Okawaru
 19060 | Orc:2    | Noticed Josephine
 19085 | Orc:2    | Reached skill level 5 in Invocations
 19089 | Orc:2    | Killed Josephine
 19469 | Orc:2    | Paralysed by an orc sorcerer for 5 turns
 19483 | Orc:2    | Paralysed by an orc sorcerer for 2 turns
 19749 | Orc:2    | Found Jukoosk's Antique Weapon Boutique.
 19749 | Orc:2    | Found Gudghoytt's Book Shop.
 19749 | Orc:2    | Found a one-way gate leading to the halls of Pandemonium.
 19790 | Orc:2    | Found the +3 pair of gauntlets of War {Slay+5}
 20187 | D:13     | Found a gate to the Vaults.
 21095 | D:14     | Reached skill level 10 in Invocations
 21177 | D:14     | Noticed a sphinx
 21177 | D:14     | Noticed a sphinx
 21188 | D:14     | Killed a sphinx
 21188 | D:14     | Received a gift from Okawaru
 21200 | D:14     | Killed a sphinx
 21211 | D:14     | Got a pitted gossamer ring
 21284 | D:14     | Identified the ring of Boim {+Fly Int+7} (You found it on
                  | level 14 of the Dungeon)
 21453 | D:15     | Found a runed translucent door.
 21453 | D:15     | Found a glowing silver altar of Zin.
 21742 | D:15     | Reached XP level 16. HP: 57/134 MP: 9/24
 22379 | D:15     | Found a staircase to the Depths.
 22629 | Orc:2    | Killed Rwicked's ghost
 22828 | Snake:1  | Entered Level 1 of the Snake Pit
 22910 | Snake:1  | Noticed Kirke
 22930 | Snake:1  | Noticed a sphinx
 22946 | Snake:1  | Killed Kirke
 22946 | Snake:1  | Received a gift from Okawaru
 22965 | Snake:1  | Got an ichor-stained broad axe {god gift}
 22966 | Snake:1  | Identified the +10 broad axe of Tyatso {freeze, rN+ Int+5}
                  | (Okawaru gifted it to you on level 1 of the Snake Pit)
 23132 | Snake:1  | Noticed Roxanne
 23165 | Snake:1  | Killed from afar by Roxanne

Skill      XL: |  1  2  3  4  5  6  7  8  9 10 11 12 13 14 15 16 |
---------------+-------------------------------------------------+-----
Axes           | 3 4 5 6 7 9 11 13 16 | 16.6
Fighting       | 10 | 10.1
Shields        | 4 12 16 | 16.2
Armour         | 5 7 |  7.1
Dodging        | 11 15 | 15.2
Evocations     | 6 |  6.0
Invocations    | 12 13 | 13.6

Action                   |  1- 3 |  4- 6 |  7- 9 | 10-12 | 13-15 | 16-18 || total
-------------------------+-------+-------+-------+-------+-------+-------++-------
Melee: War axe           |    58 |   126 |   279 |   595 |   745 |    75 ||  1878
       Headbutt          |     7 |    31 |    59 |   163 |   183 |    35 ||   478
       Mace              |       |       |       |       |     5 |       ||     5
       Flail             |       |       |       |       |    10 |       ||    10
       Broad axe         |       |       |       |       |       |    32 ||    32
Throw: Tomahawk          |       |       |       |       |     1 |       ||     1
Evoke: Wand              |       |       |       |    35 |    14 |     2 ||    51
       Sack of spiders   |       |       |       |     7 |       |       ||     7
       Phantom mirror    |       |       |       |       |       |     1 ||     1
  Use: Scroll            |     5 |     9 |    15 |    14 |    22 |     1 ||    66
       Potion            |       |       |     4 |    12 |    10 |     2 ||    28
 Stab: Invisible         |       |       |       |    12 |     1 |       ||    13
       Paralysed         |       |       |       |     7 |       |     3 ||    10
       Distracted        |       |       |       |       |     1 |       ||     1
  Eat: Ration            |     1 |     2 |     2 |     7 |     9 |     2 ||    23
Armor: Scale mail        |    16 |    44 |    26 |       |       |       ||    86
       Skin              |       |       |     4 |       |     5 |       ||     9
       Chain mail        |       |       |    76 |   180 |   166 |    16 ||   438
Dodge: Dodged            |    18 |    45 |    58 |   136 |   202 |    22 ||   481
Block: Shield            |    35 |    72 |   138 |   337 |   585 |    71 ||  1238
